 Dungeon Crawl Stone Soup version 0.32-a0-918-g0f22ef8d61 (webtiles) character file.

Game seed: 18230755338127681919

16338 GabrielManson the Covert (level 12, -2/53 HPs)
             Began as a Felid Shapeshifter on Apr 9, 2024.
             Was an Elder of Beogh.
             Slain by a +0 trident (3 damage)
             ... animated by Boruk the orc apostle
             ... on level 2 of the Orcish Mines on Apr 11, 2024.
             The game lasted 01:01:15 (10762 turns).

GabrielManson the Covert (Felid Shapeshifter)      Turns: 10762, Time: 01:01:16

Health: -2/53      AC:  3    Str: 10    XL:     12   Next: 9%
Magic:  0/13       EV: 35    Int: 14    God:    Beogh [****..]
Gold:   661        SH:  0    Dex: 21    Spells: 11/11 levels left
                                        Lives:  0   Deaths: 4

rFire   . .          .
                       - Unarmed
rCold   . . .        (shield unavailable)
rNeg    . . .        (body armour unavailable)
rPois   .            (helmet unavailable)
rElec   .            (cloak unavailable)
rCorr   .            (gloves unavailable)
SInv    +            (boots unavailable)
Will    +....        f - amulet of guardian spirit
Stlth   ++           d - +4 ring of slaying
HPRegen 0.28/turn    B - +5 ring of evasion
MPRegen 0.13/turn

%: guardian spirit
@: flux-form, glowing
A: glow, contaminating, very small, claws 1, fangs 3, see invisible, shaggy fur
3, stealthy paws, no weapons or thrown items, no armour, multi-lived, cold
vulnerability 1
a: Begin Untransformation, Renounce Religion, Smiting, Recall Apostles, Dismiss
Bogdan, wizard, Dismiss Wardok, priest


You were on level 2 of the Orcish Mines.
You worshipped Beogh.
Beogh was greatly pleased with you.
You were something dangerously unstable.
You visited 2 branches of the dungeon, and saw 13 of its levels.
You visited the Abyss 1 time.

You collected 853 gold pieces.
You spent 192 gold pieces at shops.

Inventory:

Jewellery
 d - a +4 ring of slaying (left paw)
 f - an amulet of guardian spirit (around neck)
 k - a +4 ring of protection
 n - a +6 ring of intelligence
 q - a ring of positive energy
 r - a +6 ring of intelligence
 B - a +5 ring of evasion (right paw)
 C - the ring "Sidoono" {rPois MP+9 Int+2 Stlth+}
   (You found it on level 9 of the Dungeon)

   [ring of magical power]

   Int+2:     It affects your intelligence (+2).
   rPois:     It protects you from poison.
   MP+9:      It affects your magic capacity (+9).
   Stlth+:    It makes you more stealthy.
 I - a ring of flight
Talismans
 b - a beast talisman
 c - a flux talisman (active)
 h - a maw talisman
 m - a serpent talisman
Wands
 t - a wand of flame (52)
 y - a wand of quicksilver (12)
 D - a wand of digging (2)
 F - a wand of roots (9)
Scrolls
 e - 3 scrolls of vulnerability
 i - a scroll of blinking
 j - 2 scrolls of fog
 l - a scroll of acquirement {unknown}
 o - a scroll of butterflies {unknown}
 s - a scroll of enchant weapon {unknown}
 u - a scroll of poison {unknown}
 v - a scroll of identify
 x - 3 scrolls of revelation
 z - a scroll of immolation {unknown}
 E - a scroll of enchant armour {unknown}
 G - a scroll of amnesia {unknown}
 J - a scroll of brand weapon {unknown}
Potions
 p - a potion of magic
 w - a potion of resistance {unknown}
 A - a potion of might {unknown}
Miscellaneous
 H - a lightning rod (inert)


   Skills:
 - Level 1.6 Fighting
 + Level 11.8 Dodging
 + Level 12.1 Stealth
 + Level 10.1 Unarmed Combat
 * Level 10.9 Shapeshifting


You had 11 spell levels left.
You didn't know any spells.
Your spell library contained the following spells:

 Spells                   Type           Power      Damage    Failure   Level
 Apportation              Tloc           0%         N/A       28%         1
 Freeze                   Ice            0%         1d3       28%         1
 Magic Dart               Conj           0%         1d3       28%         1
 Necrotise                Necr           0%         1d4       28%         1
 Sting                    Conj/Alch      0%         1d3       28%         1
 Summon Small Mammal      Summ           0%         N/A       28%         1
 Blink                    Tloc           0%         N/A       41%         2
 Lesser Beckoning         Tloc           0%         N/A       41%         2
 Momentum Strike          Conj/Tloc      0%         3d8       41%         2
 Searing Ray              Conj           0%         2d4       41%         2
 Frozen Ramparts          Ice            0%         1d1       65%         3
 Hailstorm                Conj/Ice       0%         3d5       65%         3
 Summon Ice Beast         Ice/Summ       0%         N/A       65%         3
 Tukima's Dance           Hex            0%         N/A       65%         3
 Fulminant Prism          Conj/Alch      0%         3d5       96%         4
 Iskenderun's Mystic Bla Conj/Tloc 0%             2d3        (+2d1     96%         4
 Permafrost Eruption      Ice/Erth       0%         2x4d1     100%        6
 Sculpt Simulacrum        Ice/Alch       0%         N/A       100%        6
 Manifold Assault         Tloc           0%         N/A       100%        7
 Disjunction              Tloc           0%         N/A       100%        8
 Dimensional Bullseye     Hex/Tloc       Unusable   N/A       N/A         4

Dungeon Overview and Level Annotations

Branches:
Dungeon (11/15)            Temple (0/1) D:5            Lair (0/5) D:11
    Orc (2/2) D:11
    Elf: Orc:2

Altars:
Cheibriados
Dithmenos
Elyvilon
Fedhas
Kikubaaqudgha
Nemelex Xobeh
Sif Muna
Vehumet
Wu Jian
Yredelemnul
The Shining One
Beogh

Shops:
D:1 =   D:4 *   D:7 *[*   Orc:2 !

Portals:
Abyss: D:5

Annotations:
D:6 3 runed translucent doors, confidenceinterval's ghost, novice HuMo
D:9 exclusion: statue


Innate Abilities, Weirdness & Mutations

You are something dangerously unstable.
You glow with magical radiation, making you easy to see and hit.
Foes you strike become dangerously contaminated with magical radiation.
Your facial features look somewhat orcish.
You have sharp claws.
You have razor-sharp teeth.
You have supernaturally acute eyesight. (SInv)
Your thick and shaggy fur keeps you warm. (AC +3, rC+)
Your paws help you pounce on unaware monsters.
You are incapable of wielding weapons or throwing items.
You cannot wear armour.
You gain extra lives every three experience levels.
You are vulnerable to cold. (rC-)


Message History

The warg closely misses you.
You closely miss the warg. The warg misses you. The warg completely misses you.
Boruk the orc apostle comes into view.
She is wielding the +4 mace of the Special Blessings {speed, Will+}.
The warg completely misses you.
You scratch the warg.
The warg begins to glow.
The warg is lightly wounded.
The warg completely misses you. x2; The warg misses you.
You claw the warg!
The warg glows dangerously bright.
You bite the warg, but do no damage.
The warg is heavily wounded.
An orc wizard comes into view. It is wielding a +0 dagger.
The orc wizard relaxes its fighting stance and smiles at you.
The warg misses you. The warg bites you!!
You die...
Your shape twists and changes as you die.
You rejoin the land of the living...
Found 17 gold pieces.
Boruk calls down the wrath of Beogh upon you.
Beogh smites you!
Found 16 gold pieces.
Boruk beseeches Beogh to grant them a weapon.
Boruk calls down the wrath of Beogh upon you.
Beogh smites you! The +0 trident hits you! The +0 trident barely misses you.
The warg completely misses you. The +0 trident completely misses you.
Boruk invokes the aid of Beogh against you.
Beogh smites you! The warg closely misses you. The +0 trident misses you.
You scratch Boruk.
Boruk begins to glow.
Boruk is lightly wounded.
The warg closely misses you.
Boruk mumbles some strange prayers to Beogh against you.
Beogh smites you!
* * * LOW HITPOINT WARNING * * *
The +0 trident hits you!
* * * LOW HITPOINT WARNING * * *
You barely miss the warg.
The warg is heavily wounded.
The +0 trident hits you.
You die...
Beogh appreciates the +0 trident's killing of a heretic priest.

.....#.....)..........##
.............).......##. .#
##.....................
...##.#.............)......
....................$†h.....
.........#...........)h....$
..$......................†)$
#...........h...............
#.........po...............
#.#$.......(.............###
..........#.#$...........#
....##.................b#
.#.##....#.#..........).'
##.#.....#...... ...
#...............
##.#............
#####.....##.


You could see Boruk the orc apostle (contam, divinely empowered), a warg
(contam) and a +0 trident (summoned).

Vanquished Creatures
  A great orb of eyes (Abyss:1)
  2 tengu warriors (D:9)
  An orc high priest (Orc:2)
  2 cyclopes
  2 manticores (D:11)
  2 kobold blastminers (Orc:2)
  Joseph (D:8)
  A gargoyle (D:11)
  2 kobold demonologists
  Psyche (D:8)
  2 trolls (D:11)
  Grinder (D:6)
  2 small abominations (D:5)
  A water elemental (D:11)
  A wraith (D:11)
  15 yaks
  A warg (Orc:2)
  3 wyverns
  A steam dragon (D:10)
  4 vampire mosquitoes (D:11)
  Duvessa (D:7)
  A water moccasin (D:8)
  11 orc warriors
  3 sky beasts
  3 ice beasts
  6 ogres
  2 wolves (D:11)
  2 centaurs
  A bullfrog (D:8)
  3 kobold brigands
  2 scorpions
  Dowan (D:7)
  3 killer bees (D:11)
  The ghost of fly the Sneak, a weakling DgDe (D:5)
  3 howler monkeys (D:8)
  An electric eel (D:11)
  3 bombardier beetles
  4 hounds
  2 gnoll boudas
  2 quasits (D:5)
  2 jellies
  6 orc priests
  Terence (D:2)
  Natasha (D:2)
  An iguana (D:5)
  14 orc wizards
  11 gnolls
  8 adders
  A white imp (D:6)
  2 ufetubi (D:6)
  3 dart slugs
  4 ribbon worms
  22 orcs
  2 bats
  6 endoplasms
  4 giant cockroaches
  7 goblins
  7 hobgoblins
  4 quokkas
  3 ball pythons
  3 frilled lizards
  26 kobolds
  9 rats
248 creatures vanquished.

Vanquished Creatures (collateral kills)
  9 yaks
  A centaur (D:9)
  2 kobold brigands
  An electric eel (D:11)
  An orc (D:9)
  4 kobolds
18 creatures vanquished.

Vanquished Creatures (others)
  2 orc apostles
  An orc priest (D:6)
  An orc wizard (D:6)
  15 orcs
  128 foxfires
147 creatures vanquished.

Grand Total: 413 creatures vanquished

Notes
Turn   | Place    | Note
-------+----------+-------------------------------------------
     0 | D:1      | GabrielManson the Felid Shapeshifter began the quest for
                  | the Orb.
     0 | D:1      | Reached XP level 1. HP: 10/10 MP: 2/2
   120 | D:1      | Reached XP level 2. HP: 14/14 MP: 3/3
   147 | D:1      | Found Momneni's Jewellery Emporium.
   848 | D:2      | Noticed Terence
   852 | D:2      | Slain by Terence
   852 | D:2      | Lost a life (0 lives remaining)
   940 | D:2      | Reached XP level 3. HP: 18/18 MP: 4/4
  1232 | D:2      | Reached XP level 4. HP: 22/22 MP: 5/5
  1232 | D:2      | Gained a life (1 life remaining)
  1366 | D:2      | Noticed Natasha
  1376 | D:2      | Killed Terence
  1377 | D:2      | Reached skill level 1 in Stealth
  1380 | D:2      | Killed Natasha
  1381 | D:2      | Reached XP level 5. HP: 25/25 MP: 6/6
  1739 | D:3      | Became a worshipper of Beogh the Shepherd
  1742 | D:3      | Found an ancient bone altar of Kikubaaqudgha.
  2041 | D:3      | Found a basalt altar of Yredelemnul.
  2041 | D:3      | Found a snail-covered altar of Cheibriados.
  2138 | D:3      | Gained mutation: You occasionally shout uncontrollably at
                  | your foes. [potion of mutation]
  2138 | D:3      | Gained mutation: You occasionally lose the ability to read
                  | scrolls when taking damage. [potion of mutation]
  2138 | D:3      | Gained mutation: Potions are less effective at restoring
                  | your health. [potion of mutation]
  2138 | D:3      | Gained mutation: You have a pair of small horns on your
                  | head. [potion of mutation]
  2213 | D:3      | Found a faded altar of an unknown god.
  2675 | D:4      | Slain by a gnoll sergeant
  2675 | D:4      | Lost a life (0 lives remaining)
  2707 | D:4      | Reached * piety under Beogh
  2759 | D:4      | Noticed an ogre
  2776 | D:4      | Killed an ogre
  2777 | D:4      | Reached skill level 2 in Stealth
  2777 | D:4      | Reached skill level 5 in Unarmed Combat
  2777 | D:4      | Gained mutation: You are covered in thick fur. (AC +2)
                  | [Felid growth]
  2777 | D:4      | Reached XP level 6. HP: 22/30 MP: 5/7
  2878 | D:4      | Found Fobryif's General Store.
  3035 | D:5      | Entered Level 5 of the Dungeon
  3150 | D:5      | Reached skill level 3 in Stealth
  3150 | D:5      | Reached XP level 7. HP: 19/33 MP: 6/8
  3150 | D:5      | Gained a life (1 life remaining)
  3265 | D:5      | Found a transporter.
  3268 | D:5      | Found a transporter.
  3271 | D:5      | Noticed a small abomination
  3277 | D:5      | Killed a small abomination
  3278 | D:5      | Reached skill level 5 in Dodging
  3279 | D:5      | Found a one-way gate to the infinite horrors of the Abyss.
  3279 | D:5      | Noticed fly's ghost (weakling DgDe)
  3279 | D:5      | Noticed a small abomination
  3294 | D:5      | Killed fly's ghost
  3421 | D:5      | Killed a small abomination
  3422 | D:5      | Reached skill level 4 in Stealth
  3422 | D:5      | Reached skill level 5 in Shapeshifting
  3426 | D:5      | Reached XP level 8. HP: 31/37 MP: 7/9
  3436 | D:5      | Got Lugonu's Opusculum on Geometry
  3467 | D:5      | Voluntarily entered the Abyss.
  3501 | Abyss:1  | Found a corrupted altar of Lugonu.
  3507 | Abyss:1  | Noticed a great orb of eyes
  3541 | Abyss:1  | Killed a great orb of eyes
  3541 | Abyss:1  | Reached ** piety under Beogh
  3542 | Abyss:1  | Reached skill level 5 in Stealth
  3566 | Abyss:1  | Noticed a thrashing horror
  3570 | D:5      | Escaped the Abyss
  3989 | D:4      | Found a shadowy altar of Dithmenos.
  4173 | D:5      | Reached skill level 6 in Stealth
  4202 | D:5      | Found a staircase to the Ecumenical Temple.
  4401 | D:6      | Noticed Grinder
  4416 | D:6      | Killed Grinder
  4467 | D:6      | Found a runed translucent gate.
  4467 | D:6      | Noticed a cyclops
  4497 | D:6      | Killed a cyclops
  4498 | D:6      | Reached XP level 9. HP: 42/42 MP: 10/10
  4506 | D:6      | Noticed a kobold demonologist
  4730 | D:6      | Noticed a boulder beetle
  4733 | D:6      | Found a runed translucent gate.
  4733 | D:6      | Found a runed translucent gate.
  4735 | D:6      | Noticed confidenceinterval's ghost (novice HuMo)
  4788 | D:6      | Reached skill level 7 in Stealth
  5265 | D:6      | Killed a kobold demonologist
  5395 | D:7      | Found Poytsepp's Assorted Antiques.
  5436 | D:7      | Found Guhecw's Armour Shop.
  5498 | D:7      | Noticed Duvessa
  5499 | D:7      | Noticed Dowan
  5513 | D:7      | Killed Dowan
  5514 | D:7      | Reached skill level 8 in Stealth
  5517 | D:7      | Killed Duvessa
  5739 | D:7      | Found Olloinn's General Store.
  6317 | D:8      | Reached *** piety under Beogh
  6327 | D:8      | Reached XP level 10. HP: 39/46 MP: 8/11
  6327 | D:8      | Gained a life (2 lives remaining)
  6345 | D:8      | Anointed Bogdan the wizard as your apostle
  6988 | D:8      | Noticed Psyche
  6995 | D:8      | Killed Psyche
  7004 | D:8      | Found a blossoming altar of Fedhas.
  7012 | D:8      | Noticed Joseph
  7021 | D:8      | Killed Joseph
  7026 | D:8      | Reached skill level 9 in Stealth
  7262 | D:8      | Found a glowing golden altar of the Shining One.
  7322 | D:9      | Noticed a tengu warrior
  7322 | D:9      | Noticed a tengu warrior
  7336 | D:9      | Killed a tengu warrior
  7345 | D:9      | Killed a tengu warrior
  7466 | D:9      | Found a radiant altar of Vehumet.
  7491 | D:9      | Found a shimmering blue altar of Sif Muna.
  7549 | D:9      | Lost mutation: You have a pair of small horns on your head.
                  | [potion of mutation]
  7549 | D:9      | Lost mutation: Potions are less effective at restoring your
                  | health. [potion of mutation]
  7549 | D:9      | Gained mutation: Your system is resistant to poisons.
                  | (rPois) [potion of mutation]
  7550 | D:9      | Lost mutation: You occasionally lose the ability to read
                  | scrolls when taking damage. [potion of mutation]
  7550 | D:9      | Lost mutation: You occasionally shout uncontrollably at
                  | your foes. [potion of mutation]
  7550 | D:9      | Lost mutation: Your system is resistant to poisons. (rPois)
                  | [potion of mutation]
  7550 | D:9      | Gained mutation: You have hidden genetic potential. [potion
                  | of mutation]
  7641 | D:9      | Reached skill level 10 in Dodging
  7641 | D:9      | Reached skill level 10 in Stealth
  7784 | D:9      | Found a white marble altar of Elyvilon.
  7800 | D:9      | Found a sparkling altar of Nemelex Xobeh.
  7870 | D:9      | Reached XP level 11. HP: 49/49 MP: 12/12
  7976 | D:9      | Identified the ring "Sidoono" {rPois MP+9 Int+2 Stlth+}
  8153 | D:10     | Entered Level 10 of the Dungeon
  8171 | D:10     | Upgraded the game from 0.32-a0-913-g739538afd8 to
                  | 0.32-a0-918-g0f22ef8d61
  8303 | D:10     | Noticed Wardok
  8314 | D:10     | Anointed Wardok the priest as your apostle
  8421 | D:10     | Your ally Wardok died
  8556 | D:10     | Identified the +2 robe of Degoq {Int+3 Dex+3}
  8566 | D:10     | Reached **** piety under Beogh
  8948 | D:11     | Reached skill level 11 in Stealth
  8948 | D:11     | Reached skill level 10 in Shapeshifting
  8950 | D:11     | Gained mutation: You possess an exceptional clarity of
                  | mind. [hidden potential]
  9011 | D:11     | Found an ornate altar of the Wu Jian Council.
  9181 | D:11     | Found a staircase to the Lair.
  9201 | D:11     | Killed from afar by an electric eel
  9201 | D:11     | Lost a life (1 life remaining)
  9203 | D:11     | Your ally Bogdan died
  9847 | D:11     | Found a staircase to the Orcish Mines.
  9937 | Orc:1    | Entered Level 1 of the Orcish Mines
 10102 | Orc:2    | Entered Level 2 of the Orcish Mines
 10276 | Orc:2    | HP: 2/49 [kobold blastminer/bolt (6)]
 10419 | Orc:2    | Noticed Urug
 10441 | Orc:2    | HP: 2/49 [Urug/+4 eveningstar (11)]
 10442 | Orc:2    | Pacified Urug
 10644 | Orc:2    | Found a roughly hewn altar of Beogh.
 10646 | Orc:2    | Found Jocob's Distillery.
 10646 | Orc:2    | Noticed an orc high priest
 10652 | Orc:2    | Killed an orc high priest
 10653 | Orc:2    | Reached skill level 10 in Unarmed Combat
 10661 | Orc:2    | Reached skill level 12 in Stealth
 10661 | Orc:2    | Gained mutation: Your thick and shaggy fur keeps you warm.
                  | (AC +3, rC+) [Felid growth]
 10661 | Orc:2    | Reached XP level 12. HP: 45/53 MP: 10/13
 10666 | Orc:2    | Bought a potion of mutation for 96 gold pieces
 10666 | Orc:2    | Bought a potion of mutation for 96 gold pieces
 10666 | Orc:2    | Lost mutation: You have hidden genetic potential. [potion
                  | of mutation]
 10666 | Orc:2    | Lost mutation: You possess an exceptional clarity of mind.
                  | [potion of mutation]
 10666 | Orc:2    | Gained mutation: Your system is resistant to poisons.
                  | (rPois) [potion of mutation]
 10667 | Orc:2    | Lost mutation: Your system is resistant to poisons. (rPois)
                  | [potion of mutation]
 10667 | Orc:2    | Gained mutation: You are vulnerable to cold. (rC-) [potion
                  | of mutation]
 10750 | Orc:2    | Identified the +4 mace of the Special Blessings {speed,
                  | Will+}
 10752 | Orc:2    | Mangled by a warg
 10752 | Orc:2    | Lost a life (0 lives remaining)
 10761 | Orc:2    | HP: 1/53 [+0 trident[Boruk the orc apostle] (8)]
 10762 | Orc:2    | Slain by a +0 trident

Illustrated notes

Levels and vault maps discovered:
D:1:      sevenhm_arrival_forest_fort_small_3, layout_basic, serial_shops, shop,
          solitary_fountain, serial_bayou_lagoon_a
D:2:      layout_basic, st_stairs_9, uniq_terence, uniq_natasha
D:3:      layout_basic, gammafunk_temple_overflow_statue, lemuel_doored_altar,
          basic_ecumenical_altar
D:4:      layout_loops_ring, kennysheep_little_box, serial_shops, shop
D:5:      layout_cave_pools, minmay_temple_entry_butterflies,
          gammafunk_ghost_abyssal_escape
D:6:      layout_basic, gammafunk_ghost_split, minmay_manual_mail, uniq_grinder
D:7:      layout_basic, serial_shops, shop_fountains,
          nicolae_shop_tiny_waterfront, nicolae_shop_gibbet_a_chance,
          uniq_duvessa
D:8:      layout_loops_ring, general_overflow_altar,
          nicolae_tso_swordbearing_angel, hangedman_decor_growths,
          roderic_roman_lattice, kennysheep_generic_room_9, uniq_psyche,
          uniq_joseph
D:9:      layout_roguey, vehumet_statue, led_sif_pool,
          mainiacjoe_overflow_swirl, skrybe_limestone_x
D:10:     layout_big_octagon, serial_column_ruins, column_ruins_grid_1,
          column_ruins_columns_dead_end, column_ruins_columns_dead_end,
          column_ruins_corridor_corner, column_ruins_open_small
D:11:     layout_basic, erik_lair_island, hiddenorc2_lemuel,
          nicolae_wu_jian_wuxing_cycle
Orc:1:    layout_caves, serial_shops, shop
Orc:2:    grunt_orc_community_town_hall, layout_caves,
          grunt_orc_community_big_house_2, grunt_orc_community_big_house_1,
          grunt_orc_community_house_3, grunt_orc_community_house_3,
          grunt_orc_community_house_2, grunt_orc_community_house_2,
          grunt_orc_community_house_3, grunt_orc_community_house_1, uniq_urug

Skill      XL: |  1  2  3  4  5  6  7  8  9 10 11 |
---------------+----------------------------------+-----
Shapeshifting  | 3 4 5 6 7 9 10 | 10.9
Dodging        | 3 4 5 7 8 10 11 | 11.8
Unarmed Combat | 4 5 6 7 8 10 | 10.1
Stealth        | 1 2 3 4 6 8 10 12 | 12.1
Fighting       | |  1.6

Action                     |  1- 3 |  4- 6 |  7- 9 | 10-12 || total
---------------------------+-------+-------+-------+-------++-------
  Melee: Unarmed           |    93 |   139 |   188 |   357 ||   777
         Bite              |     7 |     6 |    25 |    53 ||    91
         Punch             |     2 |     2 |     5 |     3 ||    12
         Headbutt          |       |     7 |    41 |    21 ||    69
         Maw               |       |       |       |    24 ||    24
         Constrict         |       |       |       |     3 ||     3
 Invoke: Convert to Beogh  |       |     1 |       |       ||     1
         Recruit Apostle   |       |       |       |     2 ||     2
         Recall Apostles   |       |       |       |     6 ||     6
         Smiting           |       |       |       |     1 ||     1
  Evoke: Wand              |       |       |     2 |     1 ||     3
         Lightning rod     |       |       |       |     5 ||     5
    Use: Potion            |     1 |     5 |     3 |     8 ||    17
         Scroll            |     1 |     3 |     2 |     6 ||    12
   Stab: Sleeping          |     1 |     2 |     2 |     3 ||     8
         Distracted        |     1 |       |     1 |     4 ||     6
 Armour: Skin              |    23 |    75 |    56 |    96 ||   250
  Dodge: Dodged            |    68 |    75 |   172 |   445 ||   760
   Form: Flux              |       |       |     1 |     1 ||     2
         Serpent           |       |       |       |     1 ||     1
         Maw               |       |       |       |     1 ||     1

Table legend: (Time is in decaauts)
 A = Elapsed time spent in this place.
 B = Non-inter-level travel time spent in this place.
 C = Inter-level travel time spent in this place.
 D = Time resting spent in this place.
 E = Time spent auto-exploring this place.
 F = Levels seen in this place.
 G = Mean time per level.
                   A        B        C        D        E       F      G
               +--------+--------+--------+--------+--------+-----+--------+
         Total |  10664 |  10393 |    271 |   1926 |   5787 |  14 |  761.7 |
       Dungeon |   9755 |   9484 |    271 |   1608 |   5504 |  11 |  886.8 |
  Orcish Mines |    808 |    808 |      0 |    281 |    283 |   2 |  404.0 |
         Abyss |    101 |    101 |      0 |     37 |      0 |   1 |  101.0 |
               +--------+--------+--------+--------+--------+-----+--------+

Top non-repeatable levels by time:
     D:8: 1114 daAuts
     D:6: 1071 daAuts
    D:11: 1029 daAuts
     D:2: 1013 daAuts
     D:3: 880 daAuts
     D:5: 865 daAuts
     D:9: 822 daAuts
     D:7: 790 daAuts
     D:4: 747 daAuts
    D:10: 727 daAuts
     D:1: 692 daAuts
   Orc:2: 646 daAuts
   Orc:1: 162 daAuts
 Abyss:1: 101 daAuts
